 Dungeon Crawl Stone Soup version 0.22-a0-224-g8cf3520 (webtiles) character file.

51165 kuniqs the Protected (level 14, -1/129 HPs)
             Began as a Minotaur Fighter on Feb 19, 2018.
             Was the Champion of Makhleb.
             Slain by an orc warrior
             ... wielding a +0 flail
              (28 damage)
             ... on level 2 of the Orcish Mines.
             The game lasted 00:28:05 (16385 turns).

kuniqs the Protected (Minotaur Fighter)            Turns: 16385, Time: 00:28:06

Health: -1/129     AC: 18    Str: 22    XL:     14   Next: 22%
Magic:  0/17       EV: 17    Int:  5    God:    Makhleb [******]
Gold:   1910       SH: 16    Dex: 14    Spells: 13/13 levels left

rFire    . . .     SeeInvis .   y - +5 broad axe (chop)
rCold    + . .     Gourm    .   i - +3 shield
rNeg     . . .     Faith    .   w - +7 Kryia's mail coat {PotionHeal*2 rC+}
rPois    +         Spirit   +   (helmet restricted)
rElec    .         Reflect  .   o - +0 cloak
rCorr    +         Harm     .   (no gloves)
MR       +....                  (no boots)
Stlth    ..........             s - amulet of guardian spirit
HPRegen  0.31/turn              C - ring of resist corrosion
MPRegen  0.15/turn              e - ring of poison resistance

@: no status effects
A: retaliatory headbutt, horns 2
a: Minor Destruction, Lesser Servant of Makhleb, Major Destruction, Greater
Servant of Makhleb, Renounce Religion


You were on level 2 of the Orcish Mines.
You worshipped Makhleb.
Makhleb was exalted by your worship.
You were not hungry.

You visited 4 branches of the dungeon, and saw 21 of its levels.

You collected 2273 gold pieces.
You spent 363 gold pieces at shops.

Inventory:

Hand Weapons
 y - a +5 broad axe of chopping (weapon)
 J - the +6 flail of Wilo {crush, Dex+3 SInv}
   (You found it on level 10 of the Dungeon)

   It inflicts extra damage upon your enemies.
   It affects your dexterity (+3).
   It lets you see invisible.
Missiles
 u - 7 throwing nets (quivered)
Armour
 i - a +3 shield (worn)
 o - a +0 cloak (worn)
 w - the +7 Kryia's mail coat (worn) {PotionHeal*2 rC+}
   (You found it on level 7 of the Dungeon)

   It protects you from cold.
Jewellery
 e - a ring of poison resistance (right hand)
 s - an amulet of guardian spirit (around neck)
 C - a ring of resist corrosion (left hand)
Wands
 a - a wand of paralysis (23)
 j - a wand of flame (57)
 E - a wand of disintegration (11)
 G - a wand of iceblast (11)
 H - a wand of acid (32)
 K - a wand of enslavement (6)
 O - a wand of polymorph (12)
Scrolls
 c - a scroll of summoning {unknown}
 k - 6 scrolls of remove curse {@r2}
 l - 9 scrolls of teleportation
 p - 3 scrolls of magic mapping {unknown}
 q - a scroll of acquirement {unknown}
 r - a scroll of torment {unknown}
 t - 7 scrolls of enchant armour
 z - 2 scrolls of immolation {unknown}
 B - 4 scrolls of blinking
 I - 4 scrolls of amnesia {unknown}
 L - 4 scrolls of fear
 M - a scroll of vulnerability {unknown}
 N - a scroll of silence {unknown}
Potions
 d - 2 potions of might
 g - 5 potions of agility
 h - 5 potions of curing {@q1}
 m - 2 potions of lignification
 n - 6 potions of haste
 v - 5 potions of flight
 x - 3 potions of heal wounds
 A - 2 potions of invisibility
 D - 3 potions of berserk rage
 F - 3 potions of mutation
Comestibles
 b - 7 chunks of flesh
 f - 34 rations


   Skills:
 + Level 13.2 Fighting
 + Level 13.1 Axes
 + Level 13.3 Armour
 + Level 11.8 Dodging
 + Level 13.2 Shields
 - Level 6.1 Invocations


You had 13 spell levels left.
You didn't know any spells.

Dungeon Overview and Level Annotations

Branches:
Dungeon (12/15)            Temple (1/1) D:5            Lair (6/6) D:11
 Shoals (0/4) Lair:3       Spider (0/4) Lair:2        Slime (0/5) Lair:6
    Orc (2/2) D:10            Elf (0/3) Orc:2

Altars:
Ashenzari
Cheibriados
Dithmenos
Fedhas
Gozag
Hepliaklqana
Kikubaaqudgha
Makhleb
Nemelex Xobeh
Okawaru
Qazlal
Ru
Sif Muna
Uskayaw
Vehumet
Wu Jian
Xom
Yredelemnul
Zin
The Shining One
Beogh

Shops:
D:7 [*[*%   D:8 (   D:9 *   D:11 (}   Orc:1 (

Portals:
Hell: Lair:6


Innate Abilities, Weirdness & Mutations

You reflexively headbutt those who attack you in melee.
You have a pair of horns on your head.


Message History

Beogh smites you! You block the orc warrior's attack.
Something hits you but does no damage. The orc knight barely misses you.
You barely miss the orc warrior. You closely miss the orc knight.
You hit something. The orc warrior misses you.
You block the orc warrior's attack.
You hit the orc warrior but do no damage.
You headbutt the orc warrior. You slash something! Makhleb accepts your kill.
You feel better.
Reactivating autopickup.
You feel a bit more experienced.
You hit the orc knight. The orc warrior hits you with a flail!
The orc knight roars a battlecry!
The orc warrior goes into a battle-frenzy!
You slice the orc warrior!! Your headbutt misses the orc warrior.
You barely miss the orc knight.
The orc warrior hits you from afar with a glaive!!
* * * LOW HITPOINT WARNING * * *
You block the orc warrior's attack. The orc warrior hits you with a flail!!
You die...

#.##..## #.##.... #..##.#.
######### #####.......
....... ##.......<...
#....## #............
#.....## ##.###.......
#...oo)# ### #......)
#.oo)@## ##...... #.oo###
#......) ##o$.#
######....... #.o.#
##.#.##....... ##)##
#....#.....#.. ##ooo#
##.###.....#.. o###
#o...######.#.....###. ....o
#.oo##.##.......####..
.....o#.oo#>...#.......####.


You could see an orc knight, 5 orc warriors and an orc priest.

Vanquished Creatures
  Snorg (Orc:1)
  Erolcha (Orc:1)
  A hell beast (Lair:6)
  Harold (D:12)
  8 hydras
  2 catoblepae
  2 two-headed ogres
  2 orc high priests (Orc:2)
  Urug (Lair:4)
  An unseen horror (D:10)
  Pikel (D:6)
  A wizard (Lair:6)
  A lindwurm (Lair:4)
  2 orc knights
  The ghost of KristoblXynda the Grappler, a novice NaTm (D:7)
  An orb spider (Lair:2)
  An oklob plant (Lair:3)
  3 orc sorcerers
  2 cyclopes
  Joseph (D:7)
  2 merfolk sirens (Lair:3)
  3 black mambas (Lair:6)
  A torpor snail (Lair:3)
  5 komodo dragons
  7 spiny frogs
  5 rime drakes
  A hellwing (Lair:6)
  5 ice devils (Lair:6)
  A red devil (Lair:6)
  4 trolls
  13 blink frogs
  2 dream sheep (Lair:3)
  A hornet (D:9)
  6 hippogriffs
  A wyvern (D:8)
  28 yaks
  A water elemental (D:11)
  3 hungry ghosts
  2 basilisks
  12 water moccasins
  6 wargs
  8 porcupines
  4 hell hounds (Lair:6)
  5 black bears
  4 sky beasts
  2 ice beasts
  19 orc warriors
  4 slaves (D:5)
  6 ogres
  A phantom (D:7)
  12 wolves (Lair:3)
  13 centaurs
  11 crocodiles
  A big kobold (D:11)
  5 bullfrogs
  2 gnoll sergeants
  A wyvern zombie (D:10)
  2 scorpions
  A water moccasin skeleton (D:9)
  6 killer bees
  4 howler monkeys
  18 wights
  5 electric eels
  3 centaur zombies
  12 crimson imps
  8 orc priests
  A bullfrog zombie (D:11)
  2 jellies
  4 hounds
  24 orc wizards
  2 bullfrog skeletons
  4 iguanas
  7 worker ants
  3 worker ant zombies
  10 gnolls
  15 adders
  3 shadow imps
  A worm (D:4)
  A dart slug (D:2)
  9 leopard geckos
  36 orcs
  4 giant cockroaches
  8 hobgoblins
  8 jackals
  9 kobolds
  4 quokkas
  2 ball pythons
  3 bats
  7 frilled lizards
  3 goblins
  A quokka zombie (D:9)
  19 rats (D:3)
  12 fungi
  5 plants
507 creatures vanquished.

Vanquished Creatures (others)
  3 fungi
  2 plants (Lair:1)
5 creatures vanquished.

Grand Total: 512 creatures vanquished

Notes
Turn   | Place    | Note
-------+----------+-------------------------------------------
     0 | D:1      | kuniqs the Minotaur Fighter began the quest for the Orb.
     0 | D:1      | Reached XP level 1. HP: 19/19 MP: 0/0
   120 | D:1      | Reached XP level 2. HP: 25/27 MP: 1/1
   723 | D:2      | Reached skill level 1 in Dodging
   738 | D:2      | Reached XP level 3. HP: 31/33 MP: 2/2
  1786 | D:3      | Reached XP level 4. HP: 13/40 MP: 3/3
  2403 | D:4      | Reached XP level 5. HP: 26/47 MP: 4/4
  2809 | D:4      | Reached XP level 6. HP: 38/55 MP: 5/5
  2833 | D:4      | Reached skill level 5 in Armour
  2942 | D:4      | Reached skill level 5 in Fighting
  2981 | D:5      | Entered Level 5 of the Dungeon
  3073 | D:5      | Reached skill level 5 in Shields
  3374 | D:5      | Found a staircase to the Ecumenical Temple.
  3381 | Temple   | Entered the Ecumenical Temple
  3475 | Temple   | Became a worshipper of Makhleb the Destroyer
  3743 | D:5      | Reached XP level 7. HP: 43/61 MP: 6/6
  4005 | D:6      | Noticed Pikel
  4647 | D:6      | Killed Pikel
  4647 | D:6      | Reached skill level 5 in Axes
  4647 | D:6      | Reached XP level 8. HP: 35/70 MP: 6/8
  5288 | D:6      | Found an ancient bone altar of Kikubaaqudgha.
  5297 | D:6      | Found a glowing silver altar of Zin.
  5475 | D:6      | Identified the Disquisition on Flight and Venom
  5694 | D:7      | Found Ziptaer's Armour Shoppe.
  5728 | D:7      | Found Itwugaoc's Food Shop.
  5762 | D:7      | Reached * piety under Makhleb
  5787 | D:7      | Found the +7 Kryia's mail coat {PotionHeal*2 rC+}
  5831 | D:7      | Found Seud's General Store.
  5929 | D:7      | Noticed KristoblXynda's ghost (novice NaTm)
  5978 | D:7      | Killed KristoblXynda's ghost
  5978 | D:7      | Reached skill level 5 in Dodging
  5978 | D:7      | Reached XP level 9. HP: 78/78 MP: 10/10
  6037 | D:7      | Noticed Joseph
  6070 | D:7      | Killed Joseph
  6688 | D:7      | Noticed a two-headed ogre
  6698 | D:7      | Killed a two-headed ogre
  6799 | D:7      | Found Ereifos's Armour Emporium.
  6960 | D:7      | Found Hutuock's Assorted Antiques.
  6964 | D:7      | Bought a scroll labeled ZIOTOUHIORPH for 23 gold pieces
  6964 | D:7      | Bought 2 emerald potions for 41 gold pieces
  7232 | D:8      | Found Borhurul's Antique Weapon Shop.
  7635 | D:7      | Bought a +3 broad axe of chopping for 299 gold pieces
  7736 | D:8      | Reached XP level 10. HP: 80/88 MP: 12/12
  7753 | D:8      | Reached ** piety under Makhleb
  7767 | D:8      | Reached skill level 5 in Invocations
  8260 | D:9      | Found an opulent altar of Gozag.
  8264 | D:9      | Found Gozag's Platinum Reserve.
  8829 | D:9      | Got a twisted buckler
  8830 | D:9      | Identified the +0 buckler "Vueplo Jylawn" {rElec} (You found it on level 9 of the Dungeon)
  9038 | D:10     | Entered Level 10 of the Dungeon
  9129 | D:10     | You fall through a shaft for 2 floors!
  9195 | D:12     | Reached *** piety under Makhleb
  9284 | D:12     | Noticed Harold
  9297 | D:12     | Killed Harold
  9433 | D:11     | Noticed a cyclops
  9590 | D:11     | Reached XP level 11. HP: 89/97 MP: 14/14
  9694 | D:11     | Noticed a two-headed ogre
  9701 | D:11     | Killed a two-headed ogre
  9771 | D:11     | Found Polonnit's Gadget Shoppe.
  9849 | D:10     | Reached **** piety under Makhleb
  9898 | D:10     | Reached skill level 10 in Armour
  9937 | D:10     | Reached skill level 10 in Fighting
  9943 | D:10     | Reached skill level 10 in Shields
  9954 | D:10     | Got a polished flail
  9975 | D:10     | Identified the +6 flail of Wilo {crush, Dex+3 SInv} (You found it on level 10 of the Dungeon)
 10009 | D:10     | Killed an unseen horror
 10145 | D:10     | Reached skill level 10 in Axes
 10286 | D:10     | Found a staircase to the Orcish Mines.
 10702 | D:11     | Paralysed by an orc for 7 turns
 10732 | D:11     | Reached ***** piety under Makhleb
 10865 | D:11     | Found a staircase to the Lair.
 10943 | D:11     | Found Alintock's Weapon Shoppe.
 10955 | D:11     | Reached XP level 12. HP: 107/107 MP: 15/15
 11184 | Lair:1   | Entered Level 1 of the Lair of Beasts
 11249 | Lair:1   | Noticed a six-headed hydra
 11256 | Lair:1   | Killed a six-headed hydra
 11463 | Lair:1   | Noticed a catoblepas
 11532 | Lair:1   | Killed a catoblepas
 11822 | Lair:1   | You fall through a shaft!
 11968 | Lair:2   | Found a hole to the Spider Nest.
 12490 | Lair:3   | Noticed an eight-headed hydra
 12508 | Lair:3   | Killed an eight-headed hydra
 12508 | Lair:3   | Reached skill level 10 in Dodging
 12836 | Lair:3   | Found a staircase to the Shoals.
 13175 | Lair:4   | Reached XP level 13. HP: 102/117 MP: 12/16
 13307 | Lair:4   | Noticed Urug
 13324 | Lair:4   | Killed Urug
 14263 | Lair:6   | Entered Level 6 of the Lair of Beasts
 14275 | Lair:6   | Found a shimmering altar of Xom.
 14300 | Lair:6   | Found a staircase to the Slime Pits.
 14330 | Lair:6   | Reached ****** piety under Makhleb
 15281 | Lair:6   | Found a burning altar of Makhleb.
 15332 | Lair:6   | Found a gateway to Hell.
 15607 | Orc:1    | Entered Level 1 of the Orcish Mines
 15629 | Orc:1    | Reached XP level 14. HP: 104/127 MP: 14/17
 15715 | Orc:1    | Found Resya's Weapon Shoppe.
 15744 | Orc:1    | Found a roughly hewn altar of Beogh.
 15793 | Orc:1    | Noticed Erolcha
 15798 | Orc:1    | Killed Erolcha
 15891 | Orc:1    | Noticed Snorg
 15911 | Orc:1    | Killed Snorg
 16082 | Orc:2    | Entered Level 2 of the Orcish Mines
 16115 | Orc:2    | Found a roughly hewn altar of Beogh.
 16296 | Orc:2    | Found a staircase to the Elven Halls.
 16385 | Orc:2    | Slain by an orc warrior

Vault maps used:
D:1:      dpeg_arrival_rhombus
D:3:      minmay_rat_hole
D:4:      first_ration
D:5:      minmay_temple_entry_junction_2, serial_bayou_lake_a
D:6:      minitemple, uniq_pikel
D:7:      serial_bayou, serial_bayou_shore_b, serial_bayou_shore_a,
          serial_bayou_pond_e, serial_bayou_crossing, serial_bayou_ford_a,
          serial_shops, shop, shop, nicolae_shop_statue_plus, shop, shop_statue,
          uniq_joseph
D:8:      serial_shops, nicolae_shop_stone, grunt_pizzeria
D:9:      nicolae_gozag_zags_fifth_avenue
D:10:     orc_0_dummy, lightli_minifort
D:11:     grunt_lair_entry_orc_guard_hut, serial_shops,
          nicolae_shop_statue_plus, nicolae_shop_crystal, nooodl_orcs_dogs
D:12:     dk_noncrumbling_4, uniq_harold, uniq_maurice
Temple:   regret_index_temple_chain_breaker
Lair:2:   nicolae_spider_entry_orb_guardian
Lair:3:   elwin_shoals_entry_rooms, minivault_27
Lair:4:   infiniplex_staircase_pool, lemuel_fruit_fields, lemuel_fruit_tree,
          uniq_urug
Lair:5:   serial_bayou_shore_b
Lair:6:   evil_forest, dpeg_slime_entry_corner, basic_altar
Orc:1:    basic_altar, serial_shops, shop_fountains, uniq_snorg, uniq_erolcha
Orc:2:    st_orc_congregation, basic_altar, minmay_orc_temple_c

Skill      XL: |  1  2  3  4  5  6  7  8  9 10 11 12 13 14 |
---------------+-------------------------------------------+-----
Dodging        | 1 2 3 4 5 6 7 9 10 11 | 11.8
Armour         | 4 5 6 7 8 9 10 11 13 | 13.3
Fighting       | 4 5 6 8 9 10 11 12 13 | 13.2
Shields        | 4 5 6 8 9 10 11 12 13 | 13.2
Axes           | 3 4 5 6 7 8 10 11 12 13 | 13.1
Invocations    | 2 3 4 6 |  6.1

Action                   |  1- 3 |  4- 6 |  7- 9 | 10-12 | 13-15 || total
-------------------------+-------+-------+-------+-------+-------++-------
Melee: War axe           |   108 |   186 |   271 |       |       ||   565
       Headbutt          |     9 |    28 |    46 |   127 |   101 ||   311
       Broad axe         |       |       |     5 |   560 |   378 ||   943
       Flail             |       |       |       |    10 |    38 ||    48
Throw: Tomahawk          |       |       |     4 |       |       ||     4
Evoke: Wand              |       |       |       |    14 |       ||    14
  Use: Potion            |       |     1 |     2 |       |     3 ||     6
       Scroll            |       |       |     8 |    10 |       ||    18
  Eat: Chunk             |     3 |     6 |    15 |    21 |     8 ||    53
       Ration            |       |       |       |       |     1 ||     1
Armor: Scale mail        |    45 |    77 |    74 |   201 |   150 ||   547
Dodge: Dodged            |    30 |    58 |    86 |   281 |   255 ||   710
Block: Shield            |    66 |   115 |   132 |   476 |   414 ||  1203

Table legend:
 A = Spawn XP
 B = Non-spawn XP
 C = Spawn XP percentage of total XP
 D = Spawn monster count
 E = Non-spawn monster count
 F = Spawn count percentage of total count
 G = Total turns spent on level
                    A         B        C        D         E        F      G
               +---------+---------+-------+---------+---------+-------+---------
         Total |       0 |   73094 |   0.0 |       0 |     486 |   0.0 | 16385
               +---------+---------+-------+---------+---------+-------+---------
           D:1 |       0 |      21 |   0.0 |       0 |      12 |   0.0 |   612
           D:2 |       0 |      68 |   0.0 |       0 |      23 |   0.0 |  1053
           D:3 |       0 |      69 |   0.0 |       0 |      27 |   0.0 |   666
           D:4 |       0 |     327 |   0.0 |       0 |      21 |   0.0 |   650
           D:5 |       0 |     315 |   0.0 |       0 |      14 |   0.0 |  1364
           D:6 |       0 |    1193 |   0.0 |       0 |      14 |   0.0 |  1234
           D:7 |       0 |    3145 |   0.0 |       0 |      19 |   0.0 |  1627
           D:8 |       0 |    1211 |   0.0 |       0 |      16 |   0.0 |   929
           D:9 |       0 |    1518 |   0.0 |       0 |      26 |   0.0 |   788
          D:10 |       0 |    6419 |   0.0 |       0 |      60 |   0.0 |   969
          D:11 |       0 |    5601 |   0.0 |       0 |      52 |   0.0 |   815
          D:12 |       0 |    2600 |   0.0 |       0 |      15 |   0.0 |   450
        Lair:1 |       0 |    4655 |   0.0 |       0 |      13 |   0.0 |   647
        Lair:2 |       0 |    3875 |   0.0 |       0 |      15 |   0.0 |   627
        Lair:3 |       0 |    6008 |   0.0 |       0 |      25 |   0.0 |   719
        Lair:4 |       0 |    6313 |   0.0 |       0 |      24 |   0.0 |   544
        Lair:5 |       0 |     685 |   0.0 |       0 |       4 |   0.0 |   591
        Lair:6 |       0 |   19648 |   0.0 |       0 |      55 |   0.0 |  1215
         Orc:1 |       0 |    4684 |   0.0 |       0 |      16 |   0.0 |   467
         Orc:2 |       0 |    4739 |   0.0 |       0 |      35 |   0.0 |   303
               +---------+---------+-------+---------+---------+-------+---------
